 Dungeon Crawl Stone Soup version 0.19-a0-1834-g6b7851e (webtiles) character file.

2672 4thArraOfDagon the Grappler (level 9, -3/74 HPs)
             Began as a Troll Necromancer on Oct 9, 2016.
             Was a Follower of Dithmenos.
             Slain by a tengu warrior
             ... wielding a +1 great mace
              (21 damage)
             ... on level 10 of the Dungeon.
             The game lasted 00:10:07 (2116 turns).

4thArraOfDagon the Grappler (Troll Necromancer)     Turns: 2116, Time: 00:10:08

Health: -3/74      AC:  2    Str: 16 (18) XL:     9   Next: 37%
Magic:  9/9        EV: 19    Int: 14      God:    Dithmenos [*.....]
Gold:   220        SH:  0    Dex: 15      Spells: 1 memorised, 9 levels left

rFire  . . .     SeeInvis .       - Unarmed
rCold  . . .     Gourm    +     (armour currently unavailable)
rNeg   . . .     Faith    .     (shield currently unavailable)
rPois  x         Spirit   .     (helmet currently unavailable)
rElec  .         Dismiss  .     (cloak currently unavailable)
rCorr  .         Reflect  .     (gloves unavailable)
MR     .....     Harm     .     (boots unavailable)
Stlth  ++........               (no amulet)
                                l - ring of Shadows {Umbra +Inv Stlth+}
                                g - ring of loudness (curse)

@: spider-form (expiring), wreathed by umbra
A: unfitting armour, (claws 0), fast metabolism 3, gourmand, regeneration 1,
(shaggy fur 0), (tough skin 0)
a: Renounce Religion, Evoke Invisibility


You were on level 10 of the Dungeon.
You worshipped Dithmenos.
Dithmenos was aware of your devotion.
You were full.
You were a venomous arachnid creature.
You visited 1 branch of the dungeon, and saw 10 of its levels.

You collected 220 gold pieces.

Inventory:

Armour
 a - a +0 robe (melded)
 r - a +0 cloak (melded)
Jewellery
 g - a cursed ring of loudness (left front leg)
 l - the ring of Shadows (right front leg) {Umbra +Inv Stlth+}
   (You found it on level 10 of the Dungeon)

   [ring of stealth]

   It lets you turn invisible.
   It makes you more stealthy.
Wands
 h - a wand of polymorph (12/24)
 i - a wand of iceblast (4/15)
 n - a wand of acid (2/15)
 p - a wand of digging (16/24)
Scrolls
 d - 4 scrolls of remove curse
 f - a scroll of random uselessness
 k - 3 scrolls of enchant armour
 q - a scroll of magic mapping {unknown}
 v - a scroll of immolation {unknown}
Potions
 e - a potion of curing
 j - a potion of heal wounds
 m - a potion of brilliance
 o - a potion of ambrosia
 t - a potion of agility {unknown}
 u - a potion of lignification {unknown}
Books
 b - a book of Necromancy

   Spells                             Type                      Level
   a - Pain                           Necromancy                   1
   b - Animate Skeleton               Necromancy                   1
   c - Vampiric Draining              Necromancy                   3
   d - Regeneration                   Charms/Necromancy            3
   e - Animate Dead                   Necromancy                   4
   f - Control Undead                 Necromancy                   4
Comestibles
 c - 4 bread rations
 s - a beef jerky


   Skills:
 - Level 1.5 Dodging
 - Level 1.0 Stealth
 * Level 12.4 Unarmed Combat
 - Level 1.2 Spellcasting
 - Level 3.2 Necromancy


You had 9 spell levels left.
You knew the following spells:

 Your Spells              Type           Power        Failure   Level  Hunger
a - Pain                  Necr           ##..         24%         1    ##.....


Dungeon Overview and Level Annotations

Branches:
Dungeon (10/15)            Temple (0/1) D:6
   Lair: D:8-11         Orc: D:9-12

Altars:
Dithmenos
Elyvilon
Sif Muna
Uskayaw
Yredelemnul


Innate Abilities, Weirdness & Mutations

You are too large for most types of armour.
((You have claws for hands.))
Your metabolism is lightning-fast.
You like to eat raw meat.
Your natural rate of healing is unusually fast.
((You are covered in fur. (AC +1)))
((You have very tough skin. (AC +2)))


Message History

Unknown command.
You hit the tengu warrior.
The tengu warrior looks as sick as possible!
The tengu warrior is heavily wounded.
The tengu warrior hits you with an enchanted great mace!!
* * * LOW HITPOINT WARNING * * *
The tengu warrior pecks you.
* * * LOW HITPOINT WARNING * * *
The tengu warrior claws you.
* * * LOW HITPOINT WARNING * * *
Unknown command.
Unknown command.
There is an open door here.
Your transformation is almost over.
Press: ? - help, v - describe, . - travel
Here: a tengu warrior, wielding an enchanted great mace and wearing a leather armour (severely wounded, poisoned, umbra)
The floor.
Unknown command.
The tengu warrior hits you with an enchanted great mace!!
You die...

#.# #.## ##.# #..# ###'######
##+####### ###### #........#
#........# #..... #........#
#........# #.....
#........#####........# #.....
#........##..'...h....#### #.....
#........'..##..sQ....Q.*###.....
#........#####........##..##.....
######'### #........###.##.....
#.## #........# #..*..... #..#
##'####### ####..... ##.## #.###
###..# #..# #...# #.. ######รท##
###.# .. #.......# #.# .


You could see a tengu warrior, a tengu conjurer and a hound.

Vanquished Creatures
  A troll (D:10)
  A hungry ghost (D:7)
  Edmund (D:6)
  A water moccasin (D:10)
  2 ice beasts
  A sky beast (D:10)
  An orc warrior (D:9)
  3 ogres
  3 centaurs
  6 bullfrogs
  3 wights (D:10)
  A howler monkey (D:5)
  A crimson imp (D:8)
  A quasit (D:5)
  2 hounds (D:5)
  2 jellies (D:7)
  3 orc wizards
  An orc priest (D:9)
  A bullfrog skeleton (D:8)
  3 iguanas
  4 worker ants
  A killer bee zombie (D:5)
  A hound zombie (D:10)
  A mummy (D:5)
  A gnoll (D:6)
  A howler monkey skeleton (D:4)
  4 adders
  2 shadow imps
  An ooze (D:1)
  An adder zombie (D:7)
  2 adder skeletons
  A dart slug (D:1)
  A leopard gecko (D:7)
  11 orcs
  5 bats
  A giant cockroach (D:5)
  A goblin (D:1)
  2 hobgoblins
  2 jackals (D:1)
  A quokka (D:5)
  A ball python (D:4)
  2 frilled lizards
  A goblin zombie (D:5)
  A jackal skeleton (D:4)
  2 kobolds (D:1)
  A kobold zombie (D:5)
  2 leopard gecko zombies
92 creatures vanquished.

Notes
Turn   | Place    | Note
-------+----------+-------------------------------------------
     0 | D:1      | 4thArraOfDagon the Troll Necromancer began the quest for the Orb.
     0 | D:1      | Reached XP level 1. HP: 16/16 MP: 1/1
    22 | D:1      | Reached skill level 1 in Unarmed Combat
    31 | D:1      | Reached XP level 2. HP: 24/24 MP: 2/2
    64 | D:1      | Reached skill level 2 in Unarmed Combat
   175 | D:2      | Reached XP level 3. HP: 29/31 MP: 3/3
   226 | D:4      | Reached skill level 3 in Unarmed Combat
   279 | D:4      | Noticed a centaur
   289 | D:4      | Killed a centaur
   289 | D:4      | Reached skill level 4 in Unarmed Combat
   289 | D:4      | Reached XP level 4. HP: 5/39 MP: 4/4
   323 | D:4      | Reached XP level 5. HP: 23/45 MP: 5/5
   373 | D:5      | Entered Level 5 of the Dungeon
   382 | D:5      | Reached skill level 5 in Unarmed Combat
   483 | D:5      | Noticed a centaur
   494 | D:5      | Killed a centaur
   494 | D:5      | Reached skill level 6 in Unarmed Combat
   494 | D:5      | Reached XP level 6. HP: 17/53 MP: 6/6
   609 | D:6      | Reached skill level 7 in Unarmed Combat
   643 | D:6      | Noticed Edmund
   664 | D:6      | Killed Edmund
   664 | D:6      | Reached XP level 7. HP: 8/59 MP: 7/7
   731 | D:6      | Reached skill level 8 in Unarmed Combat
   852 | D:8      | Found a hide-covered altar of Uskayaw.
   852 | D:8      | Noticed a deep elf mage
   921 | D:7      | Found a shadowy altar of Dithmenos.
   928 | D:7      | Reached skill level 9 in Unarmed Combat
   937 | D:7      | Became a worshipper of Dithmenos the Shadowed
  1159 | D:5      | Reached XP level 8. HP: 59/67 MP: 8/8
  1249 | D:6      | Found a staircase to the Ecumenical Temple.
  1299 | D:7      | Reached skill level 10 in Unarmed Combat
  1304 | D:7      | Found a deep blue altar of Sif Muna.
  1339 | D:8      | Found a basalt altar of Yredelemnul.
  1521 | D:9      | Found a white marble altar of Elyvilon.
  1620 | D:10     | Entered Level 10 of the Dungeon
  1666 | D:10     | Reached skill level 11 in Unarmed Combat
  1683 | D:10     | Reached * piety under Dithmenos
  1698 | D:10     | Noticed a troll
  1710 | D:10     | Killed a troll
  1710 | D:10     | Reached XP level 9. HP: 28/74 MP: 9/9
  1891 | D:10     | Reached skill level 12 in Unarmed Combat
  2094 | D:10     | Noticed a tengu warrior
  2094 | D:10     | Noticed a tengu conjurer
  2116 | D:10     | Slain by a tengu warrior

Vault maps used:
D:1:      lightli_arrival_chessboard
D:3:      kennysheep_generic_room_10
D:4:      first_bread
D:5:      nicolae_ossuary_entry_giza
D:6:      grunt_temple_overflow_diamond, minmay_door_square, uniq_edmund
D:7:      kennysheep_mini, nicolae_dithmenos_the_darkroom,
          kennysheep_minor_cross, the_bakery, dk_noncrumbling_4,
          kennysheep_nondescript, uniq_crazy_yiuf_cottage
D:8:      nicolae_overflow_crystal_walls, minmay_misc_feat_rows,
          david_defended_altar_elf
D:9:      elyvilon_altar_3, dpeg_lair_monsters

Skill      XL: |  1  2  3  4  5  6  7  8  9 |
---------------+----------------------------+-----
Unarmed Combat | 1 2 4 6 7 9 11 12 | 12.4
Dodging        | |  1.5
Stealth        | |  1.0
Spellcasting   | |  1.2
Necromancy     | |  3.2

Action                   |  1- 3 |  4- 6 |  7- 9 || total
-------------------------+-------+-------+-------++-------
Melee: Unarmed           |    67 |    81 |   205 ||   353
       Punch             |       |     2 |     4 ||     6
Evoke: Wand              |       |     2 |     7 ||     9
  Use: Scroll            |       |     5 |     3 ||     8
       Potion            |       |       |     4 ||     4
 Stab: Sleeping          |     1 |     2 |     3 ||     6
  Eat: Chunk             |     2 |     5 |    18 ||    25
       Royal jelly       |       |       |     1 ||     1
Armor: Robe              |    39 |    13 |    55 ||   107
       Skin              |       |    10 |     2 ||    12
Dodge: Dodged            |    57 |    30 |    86 ||   173
